 Dungeon Crawl Stone Soup version 0.18.1-47-g9310371 (webtiles) character file.

64 MistressOfTheDunes the Insei (level 3, -12/29 HPs)
             Began as a Mummy Monk on June 22, 2016.
             Killed by divine providence
             ... invoked by an orc priest
              (14 damage)
             ... on level 2 of the Dungeon.
             The game lasted 00:01:53 (1793 turns).

MistressOfTheDunes the Insei (Mummy Monk)           Turns: 1793, Time: 00:01:54

Health: -12/29     AC:  1    Str: 14    XL:     3   Next: 91%
Magic:  3/3        EV: 13    Int:  9    God:
Gold:   71         SH:  0    Dex: 15    Spells: 0 memorised, 2 levels left

rFire  x . .     SeeInvis .       - Unarmed
rCold  + . .     Gourm    .     (no armour)
rNeg   + + +     Faith    .     (no shield)
rPois  ∞         Spirit   .     (no helmet)
rElec  .         Dismiss  .     a - +0 cloak
rCorr  .         Reflect  .     (no gloves)
SustAt .         Harm     .     (no boots)
MR     .....                    (no amulet)
Stlth  ++........               (no ring)
                                (no ring)

@: not resistant to hostile enchantments, unstealthy
A: no food or potions, fire vulnerability, cold resistance 1, negative energy
resistance 3, torment resistance, unbreathing
a: no special abilities


You were on level 2 of the Dungeon.
You were not hungry.

You visited 1 branch of the dungeon, and saw 3 of its levels.

You collected 71 gold pieces.


Innate Abilities, Weirdness & Mutations

You do not eat or drink.
Your flesh is vulnerable to fire.
You are immune to poison.
Your flesh is cold resistant.
You are immune to negative energy.
You are immune to unholy pain and torment.
You can survive without breathing.


   Skills:
 - Level 3.0 Fighting
 - Level 2.4 Dodging
 - Level 1.5 Stealth
 + Level 4.6 Unarmed Combat


You had 2 spell levels left.
You didn't know any spells.

Inventory:

Armour
 a - a +0 cloak (worn)
Scrolls
 b - a scroll of enchant armour {unknown}

Dungeon Overview and Level Annotations

Branches:
Dungeon (3/15)

Altars:

▒.......▒
▒.......▒
▒.......▒
▒.%.....▒
▒.......▒
▒.......▒
▒.......▒
▒.......▒
▒▒.▒+▒▒▒▒
▒.......▒ ▒...▒
▒.†.....▒ ▒▒..▒
▒.......▒ ▒o.▒
▒▒'▒▒▒▒[▒ ▒▒M▒ ▒.▒
▒.▒ ▒.▒ ▒▒▒.▒▒▒▒.▒
▒.▒ ▒......▒.▒
▒▒▒.▒
▒▒▒▒.▒)▒....▒
▒...▒
▒......▒..▒▒▒
▒.▒▒▒ ▒.(.▒▒.▒..▒
▒.▒▒▒▒▒▒▒▒.▒▒.▒..▒
▒.▒.....<........▒
▒.▒▒.▒▒▒.▒..▒▒▒.▒▒


You could see an orc priest.


Message History

You see here an adder corpse!
There is a stone staircase leading down here!
You climb downwards!
You hear the sound of rushing water!
There is an entrance to a sewer on this level!
Hurry and find it before the portal rusts away!!!
An orc comes into view! It is wielding a club!
There is a stone staircase leading up here!
A ball python and 2 orc priests come into view!
The orc priest shouts!!!
There is a stone staircase leading up here!
An orc comes into view! It is wielding a mace!
There is a stone staircase leading up here!
The orc moves out of view!
The orc priest invokes the aid of Beogh against you!
Beogh smites you!!!
The orc priest mumbles some strange prayers to Beogh against you!
Beogh smites you!!!
DANG * * * don't die
* * * You climb upwards!
There is a stone staircase leading down here!
You barely miss the orc priest!
The orc priest hits you but does no damage!
You barely miss the orc priest!
The orc priest calls down the wrath of Beogh upon you!
You are unaffected!
You completely miss the orc priest!
The orc priest calls down the wrath of Beogh upon you!
Beogh smites you!!! rip

Action                   || total
-------------------------++-------
Melee: Unarmed           ||   129
       Punch             ||     2
 Stab: Sleeping          ||     5
Armor: Skin              ||     8
Dodge: Dodged            ||    83

Vault maps used:
D:1:      nicolae_arrival_washed_ashore
D:2:      first_bread
D:3:      xom_teletrap_fun, old_standard_altar, gup_sewer_entry_spiral

Notes
Turn   | Place    | Note
--------------------------------------------------------------
     0 | D:1      | MistressOfTheDunes the Mummy Monk began the quest for the Orb.
     0 | D:1      | Reached XP level 1. HP: 18/18 MP: 1/1
   402 | D:1      | Reached XP level 2. HP: 18/24 MP: 2/2
   951 | D:2      | Reached skill level 4 in Unarmed Combat
  1034 | D:2      | Reached XP level 3. HP: 14/29 MP: 3/3
  1789 | D:3      | HP: 2/29 [orc priest/divine providence (15)]
  1793 | D:2      | Killed from afar by an orc priest

Vanquished Creatures
  3 adders (D:2)
  2 ball pythons (D:2)
  A giant cockroach (D:1)
  10 goblins
  3 hobgoblins
  4 kobolds (D:1)
  5 bats
  4 giant newts
  3 rats
35 creatures vanquished.
